 Dungeon Crawl Stone Soup version 0.25.1-1-g288607f5aa (webtiles) character file.

Game seed: 17122006836591419149

9 DildoBatman the Magician (level 2, -1/19 HPs)
             Began as a Formicid Wizard on July 25, 2020.
             Slain by a jackal (3 damage)
             ... on level 1 of the Dungeon on July 26, 2020.
             The game lasted 00:01:45 (325 turns).

DildoBatman the Magician (Formicid Wizard)           Turns: 325, Time: 00:01:46

Health: -1/19      AC:  2    Str: 11    XL:     2   Next: 20%
Magic:  2/6        EV: 12    Int: 17    God:
Gold:   8          SH:  0    Dex:  9    Spells: 6/7 levels left

rFire    . . .     SeeInvis +   a - +2 short sword (venom)
rCold    . . .     Gourm    .   (no shield)
rNeg     . . .     Faith    .   d - +0 robe
rPois    .         Spirit   .   (helmet unavailable)
rElec    .         Reflect  .   (no cloak)
rCorr    .         Harm     .   (no gloves)
MR       .....                  (no boots)
Stlth    ++........             (no amulet)
HPRegen  0.06/turn              (no ring)
MPRegen  0.10/turn              (no ring)

@: no status effects
A: permanent stasis, dig shafts and tunnels, four strong arms, antennae 3
a: Dig, Shaft Self


You were on level 1 of the Dungeon.
You were not hungry.

You visited 1 branch of the dungeon, and saw 1 of its levels.

You collected 8 gold pieces.

Inventory:

Hand Weapons
 a - a +2 short sword of venom (weapon)
Armour
 d - a +0 robe (worn)
Scrolls
 b - a scroll of identify {unknown}
 c - a scroll of remove curse {unknown}
 e - 2 scrolls of teleportation {unknown}
Comestibles
 f - 4 chunks of flesh
 v - a ration


   Skills:
 - Level 1.7 Dodging
 - Level 2.4 Stealth
 - Level 3.2 Spellcasting
 * Level 1.9 Conjurations
   Level 1.0 Summonings
   Level 0.8 Translocations


You had 6 spell levels left.
You knew the following spells:

 Your Spells              Type           Power        Failure   Level  Hunger
c - Magic Dart            Conj           #...         8%          1    None

Your spell library contained the following spells:

 Spells                   Type           Power        Failure   Level  Hunger
 Call Imp                 Summ           #.......     17%         2    ##.....
 Slow                     Hex            #.......     26%         2    ##.....
 Conjure Flame            Conj/Fire      #.......     34%         3    ###....
 Mephitic Cloud           Conj/Pois/Air  #.......     36%         3    ###....
 Blink                    Tloc           Unusable     N/A         2    N/A

Dungeon Overview and Level Annotations

Branches:
Dungeon (1/15)

Altars:


Innate Abilities, Weirdness & Mutations

You cannot be hasted, slowed, berserked, paralysed or teleported.
You can dig through walls and to a lower floor.
Your four strong arms can wield two-handed weapons with a shield.
You have a pair of large antennae on your head. (SInv)


Message History

The jackal bites you. The jackal barely misses you.
Casting: Magic Dart (safe; 8% risk of failure)
Confirm with . or Enter, or press ? or * to list all spells.
Aiming: Magic Dart (safe; 8% risk of failure)
Press: ? - help, Shift-Dir - straight line, f/p - jackal
Aim: a jackal (moderately wounded)
The magic dart hits the jackal.
The jackal is almost dead.
The jackal completely misses you.
The jackal bites you but does no damage.
Casting: Magic Dart (safe; 8% risk of failure)
Confirm with . or Enter, or press ? or * to list all spells.
Aiming: Magic Dart (safe; 8% risk of failure)
Press: ? - help, Shift-Dir - straight line, f/p - jackal
Aim: a jackal (almost dead)
The magic dart hits the jackal but does no damage.
The jackal is almost dead.
The jackal bites you.
You die...

#.........##.######.....
#.......##.....[........
##.......##..............
........................
#...............#........
#............)..#.##'''##
#...........÷...#.#.....#
#...#...hh#.....#.#.....#
###...#...@#......#.#..<..#
#.....#÷...#....÷...#.....#
#.....#.............##'''##
#...................†÷....#
#......................####
#..................#####
#...##.............#
#...##.............#
#...##.............#


You could see 2 jackals.

Vanquished Creatures
  A leopard gecko (D:1)
  A bat (D:1)
  A goblin (D:1)
  A jackal (D:1)
  A frilled lizard (D:1)
  2 kobolds (D:1)
7 creatures vanquished.

Notes
Turn   | Place    | Note
-------+----------+-------------------------------------------
     0 | D:1      | DildoBatman the Formicid Wizard began the quest for the
                  | Orb.
     0 | D:1      | Reached XP level 1. HP: 13/13 MP: 4/4
    15 | D:1      | Reached skill level 1 in Conjurations
   206 | D:1      | Reached XP level 2. HP: 3/19 MP: 3/6
   325 | D:1      | Slain by a jackal

Illustrated notes

Levels and vault maps discovered:
D:1:      dpeg_arrival_windows_large_door, layout_basic, minmay_tetromino_o2

Skill      XL: |  1 |
---------------+----+-----
Conjurations   | 1 |  1.9
Dodging        | |  1.7
Stealth        | |  2.4
Spellcasting   | |  3.2
Summonings     | |  1.0
Translocations | |  0.8

Action                   || total
-------------------------++-------
Melee: Short sword       ||     4
 Cast: Magic Dart        ||    24
 Abil: Dig               ||     1
  Use: Potion            ||     1
Armor: Robe              ||     3
Dodge: Dodged            ||    11
